 Dungeon Sprint DCSS version 0.30-a0-800-g7c544603b3 (webtiles) character file.

Game seed: 5729599306140088558

308 BigDaddyOpFi the Cleaver (level 6, -2/62 HPs)
             Began as a Hill Orc Fighter on Feb 21, 2023.
             Was an Initiate of Qazlal.
             Slain by a vampire mosquito (8 damage)
             ... in the Dungeon (Sprint IX: "|||||||||||||||||||||||||||||").
             The game lasted 00:00:48 (138 turns).

BigDaddyOpFi the Cleaver (Hill Orc Fighter)          Turns: 138, Time: 00:00:49

Health: -2/62      AC:  2    Str: 27    XL:     6   Next: 40%
Magic:  6/6        EV:  8    Int:  8    God:    Qazlal [......]
Gold:   0          SH:  5    Dex: 10    Spells: 5/5 levels left

rFire   . . .      SeeInvis .    n - +1 broad axe (heavy)
rCold   . . .      Faith    .    c - +0 buckler
rNeg    . . .      Spirit   .    p - +1 chain mail
rPois   .          Reflect  .    o - +0 helmet
rElec   .          Harm     .    (no cloak)
rCorr   .          Rampage  .    a - +0 pair of gloves
Will    .....      NoTele   +    (no boots) Stlth
                                 (no amulet)
HPRegen 0.30/turn                q - +3 ring of strength
MPRegen 0.10/turn                r - +3 ring of strength

@: corroded
A: no striking features
a: Renounce Religion


You were in the Dungeon.
You worshipped Qazlal.
Qazlal was noncommittal.
You visited 1 branch

Inventory:

Hand Weapons
 n - a +1 heavy broad axe (weapon)
Armour
 a - a +0 pair of gloves (worn)
 b - a +0 scale mail
 c - a +0 buckler (worn)
 o - a +0 helmet (worn)
 p - a +1 chain mail (worn)
Jewellery
 q - a +3 ring of strength (left hand)
 r - a +3 ring of strength (right hand)
Wands
 m - a wand of light (8) (quivered)
Scrolls
 j - 2 scrolls of blinking
 l - 2 scrolls of amnesia
Potions
 d - a potion of might
 e - 5 potions of curing
 f - a potion of heal wounds
 g - a potion of haste
 h - 4 potions of magic
 i - a potion of berserk rage
 k - a potion of invisibility


   Skills:
 + Level 8.6 Fighting
 + Level 8.9 Axes
 + Level 7.9 Armour
 + Level 7.9 Shields


You had 5 spell levels left.
You didn't know any spells.
Your spell library was empty.

Dungeon Overview and Level Annotations

Branches:
Dungeon (1/1)

Altars:
Cheibriados
Dithmenos
Elyvilon
Fedhas
Gozag
Hepliaklqana
Kikubaaqudgha
Makhleb
Nemelex Xobeh
Okawaru
Qazlal
Ru
Sif Muna
Trog
Uskayaw
Vehumet
Wu Jian
Xom
Yredelemnul
Zin
The Shining One
Beogh
Jiyva
Lugonu


Message History

The orc warrior is blinded.
The bolt of light hits the gargoyle but does no damage.
The gargoyle is blinded.
The vampire mosquito bites you.
The vampire mosquito draws strength from your injuries!
The vampire mosquito bites you.
* * * LOW HITPOINT WARNING * * *
The vampire mosquito draws strength from your injuries!
You feel much better. The vampire mosquito bites you.
The vampire mosquito draws strength from your injuries!
The vampire mosquito bites you.
The vampire mosquito draws strength from your injuries!
You closely miss the vampire mosquito.
The vampire mosquito is moderately damaged.
The vampire mosquito bites you!
The vampire mosquito draws strength from your injuries!
The vampire mosquito bites you.
The vampire mosquito draws strength from your injuries!
The vampire mosquito bites you.
* * * LOW HITPOINT WARNING * * *
The vampire mosquito draws strength from your injuries!
You feel much better.
You block the vampire mosquito's attack.
The vampire mosquito bites you!
The vampire mosquito draws strength from your injuries!
You strike the helpless vampire mosquito from behind!
You hit the vampire mosquito but do no damage.
The vampire mosquito barely misses you. x2; The vampire mosquito bites you!
The vampire mosquito draws strength from your injuries!
The gargoyle hurls a stone arrow at you.
The stone arrow hits the orc warrior!!
You miss the vampire mosquito. The vampire mosquito bites you!
* * * LOW HITPOINT WARNING * * *
The vampire mosquito draws strength from your injuries!
You block the vampire mosquito's attack.
The vampire mosquito bites you!
* * * LOW HITPOINT WARNING * * *
The vampire mosquito draws strength from your injuries!
The vampire mosquito bites you!
You die...

▓.▓
▓.▓
▓)▓
▓.▓
▓.▓
▓.▓
▓.▓
▓.▓
▓@▓
▓y▓
▓T▓
▓o▓
▓9▓
▓.▓
▓.▓
▓.▓


You could see a troll (blind), an orc warrior (blind), a vampire mosquito
(blind) and a gargoyle (blind).

Vanquished Creatures
  A kobold demonologist (D)
  An orc wizard (D)
  An adder (D)
  An ufetubus (D)
  2 orcs (D)
  A hobgoblin (D)
  A jackal (D)
  A goblin (D)
  2 kobolds (D)
  A rat (D)
12 creatures vanquished.

Notes
Turn   | Place    | Note
-------+----------+-------------------------------------------
     0 | D        | BigDaddyOpFi the Hill Orc Fighter began the quest for the
                  | Orb.
     0 | D        | Reached XP level 1. HP: 19/19 MP: 1/1
    28 | D        | Reached XP level 2. HP: 26/28 MP: 2/2
    38 | D        | Reached skill level 5 in Fighting
    38 | D        | Reached XP level 3. HP: 25/36 MP: 3/3
    44 | D        | Found a roughly hewn altar of Beogh.
    44 | D        | Found a snail-covered altar of Cheibriados.
    44 | D        | Found a shadowy altar of Dithmenos.
    44 | D        | Found a white marble altar of Elyvilon.
    44 | D        | Found a blossoming altar of Fedhas.
    44 | D        | Found an opulent altar of Gozag.
    45 | D        | Found a hazy altar of Hepliaklqana.
    46 | D        | Found a viscous altar of Jiyva.
    47 | D        | Found an ancient bone altar of Kikubaaqudgha.
    48 | D        | Found a corrupted altar of Lugonu.
    49 | D        | Found a burning altar of Makhleb.
    50 | D        | Found a sparkling altar of Nemelex Xobeh.
    51 | D        | Found an iron altar of Okawaru.
    52 | D        | Found a stormy altar of Qazlal.
    53 | D        | Found a sacrificial altar of Ru.
    54 | D        | Found a shimmering blue altar of Sif Muna.
    55 | D        | Found a bloodstained altar of Trog.
    56 | D        | Found a hide-covered altar of Uskayaw.
    57 | D        | Found a radiant altar of Vehumet.
    58 | D        | Found an ornate altar of the Wu Jian Council.
    59 | D        | Found a shimmering altar of Xom.
    60 | D        | Became a worshipper of Qazlal Stormbringer
    61 | D        | Found a basalt altar of Yredelemnul.
    62 | D        | Found a glowing silver altar of Zin.
    63 | D        | Found a glowing golden altar of the Shining One.
   116 | D        | Noticed a kobold demonologist
   116 | D        | Noticed a vampire mosquito
   116 | D        | Noticed a troll
   116 | D        | Noticed an orc warrior
   116 | D        | Noticed a gargoyle
   121 | D        | Reached skill level 5 in Axes
   121 | D        | Reached skill level 5 in Armour
   121 | D        | Reached skill level 5 in Shields
   125 | D        | Noticed a rust devil
   132 | D        | Killed a kobold demonologist
   133 | D        | Reached XP level 4. HP: 18/49 MP: 4/4
   133 | D        | Reached XP level 5. HP: 20/56 MP: 5/5
   133 | D        | Reached XP level 6. HP: 23/62 MP: 6/6
   138 | D        | Slain by a vampire mosquito

Illustrated notes

Levels and vault maps discovered:
D:        linesprint [early_d, line_temple, items_1, d_10, items_2, lair_1,
          lair_end, items_3, orc_1, orc_end, items_4, d_15, swamp_1, shoals_1,
          snake_1, spider_1, d_20, vaults_1, items_5, swamp_end, shoals_end,
          snake_end, spider_end, vaults_end, d_27, items_6, zot_1, zot_end,
          crypt_end, forest_end, elf_end, slime_end, tomb_end, abyss_end,
          pan_hell_end]

Skill      XL: |  1  2  3 |
---------------+----------+-----
Axes           | 3 4 8 |  8.9
Fighting       | 4 5 8 |  8.6
Armour         | 4 7 |  7.9
Shields        | 4 7 |  7.9

Action                     |  1- 3 |  4- 6 || total
---------------------------+-------+-------++-------
  Melee: War axe           |    27 |       ||    27
         Broad axe         |    14 |     3 ||    17
  Evoke: Wand              |     1 |     1 ||     2
    Use: Potion            |       |     2 ||     2
   Stab: Invisible         |       |     1 ||     1
 Armour: Scale mail        |    18 |       ||    18
         Chain mail        |     6 |       ||     6
  Dodge: Dodged            |    20 |     2 ||    22
  Block: Buckler           |    12 |     2 ||    14

Table legend: (Time is in decaauts)
 A = Elapsed time spent in this place.
 B = Non-inter-level travel time spent in this place.
 C = Inter-level travel time spent in this place.
 D = Time resting spent in this place.
 E = Time spent auto-exploring this place.
 F = Levels seen in this place.
 G = Mean time per level.
                   A        B        C        D        E       F      G
               +--------+--------+--------+--------+--------+-----+--------+
         Total |    162 |    162 |      0 |      0 |      0 |   1 |  162.0 |
       Dungeon |    162 |    162 |      0 |      0 |      0 |   1 |  162.0 |
               +--------+--------+--------+--------+--------+-----+--------+

Top non-repeatable levels by time:
       D: 162 daAuts
